| TOP OF THE 1ST |
|
Cincinnati (NYP) Reds batting - Pitching for West Virginia Black Bears : LHP Alfredo Carranza
|
|
Pitching: LHP Alfredo Carranza
|
|
|
Batting: RHB Randy Grewe
|
0-0: Fly out, F8 (Flyball, 8RM, EV 81.2 MPH)
|
|
Batting: RHB Tim Walter
|
0-0: Ball 1-0: Ball 2-0: Foul Ball, location: 2F 2-1: Foul Ball, location: 2F 2-2: Strikes out swinging
|
|
Batting: RHB Jon Marquez
|
0-0: Swinging Strike 0-1: Ball 1-1: Foul Ball, location: 2F 1-2: Strikes out swinging
|
| Top of the 1st over - 0 runs, 0 hits, 0 errors, 0 left on base; Cincinnati (NYP) 0 - West Virginia 0 |
| BOTTOM OF THE 1ST |
|
West Virginia Black Bears batting - Pitching for Cincinnati (NYP) Reds : LHP Jesus Perez
|
|
Pitching: LHP Jesus Perez
|
|
|
Batting: RHB Ken Manser
|
0-0: Ball 1-0: Ball 2-0: Called Strike 2-1: Ground out 1-3 (Groundball, 34S, EV 71.9 MPH)
|
|
Batting: RHB Tom Tate
|
0-0: SINGLE (Groundball, P, EV 83.8 MPH) (infield hit)
|
|
Batting: LHB Joe Wise
|
0-0: Ball 1-0: Called Strike 1-1: Foul Ball, location: 2F 1-2: Strikes out swinging
|
|
Batting: RHB Jeff Edwards
|
0-0: Called Strike 0-1: Ball 1-1: Fly out, F9 (Flyball, 9, EV 87.5 MPH)
|
| Bottom of the 1st over - 0 runs, 1 hit, 0 errors, 1 left on base; Cincinnati (NYP) 0 - West Virginia 0 |
| TOP OF THE 2ND |
|
Cincinnati (NYP) Reds batting - Pitching for West Virginia Black Bears : LHP Alfredo Carranza
|
|
Batting: SHB Tim Utz
|
0-0: Ball 1-0: Ball 2-0: Ground out 6-3 (Groundball, 56, EV 88.8 MPH)
|
|
Batting: SHB Cesar Pelayo
|
0-0: Called Strike 0-1: SINGLE (Groundball, 56D, EV 95.0 MPH)
|
|
Batting: RHB R.J. Romberg
|
0-0: Ball 1-0: Fly out, F8 (Flyball, 8RM, EV 76.2 MPH)
|
|
Batting: LHB Jason Pirkle
|
0-0: Foul Ball, location: 2F 0-1: SINGLE (Groundball, 15S, EV 74.4 MPH) (infield hit) Cesar Pelayo to second
|
|
Batting: RHB Cyd Carver
|
0-0: SINGLE (Flyball, 5D, EV 95.0 MPH) Cesar Pelayo to third Jason Pirkle to second Runner from 3rd tries for Home, SAFE, throw by LF to home
|
|
Batting: LHB Akira Yamano
|
0-0: Foul Ball, location: 2F 0-1: Foul Ball, location: 2F 0-2: Strikes out swinging
|
| Top of the 2nd over - 1 run, 3 hits, 0 errors, 2 left on base; Cincinnati (NYP) 1 - West Virginia 0 |
| BOTTOM OF THE 2ND |
|
West Virginia Black Bears batting - Pitching for Cincinnati (NYP) Reds : LHP Jesus Perez
|
|
Batting: LHB Carlos Vega
|
0-0: Ball 1-0: Ball 2-0: Ball 3-0: Called Strike 3-1: Called Strike 3-2: Ground out 4-3 (Groundball, 4D, EV 102.5 MPH)
|
|
Batting: RHB John Goynes
|
0-0: Foul Ball, location: 2F 0-1: Ball 1-1: Foul Ball, location: 2F 1-2: Ground out 4-3 (Groundball, 34, EV 93.1 MPH)
|
|
Batting: LHB Norm Silveira-Wray
|
0-0: Called Strike 0-1: Ball 1-1: Called Strike 1-2: Strikes out swinging
|
| Bottom of the 2nd over - 0 runs, 0 hits, 0 errors, 0 left on base; Cincinnati (NYP) 1 - West Virginia 0 |
| TOP OF THE 3RD |
|
Cincinnati (NYP) Reds batting - Pitching for West Virginia Black Bears : LHP Alfredo Carranza
|
|
Batting: RHB Randy Grewe
|
0-0: Called Strike 0-1: Ball 1-1: Foul Ball, location: 2F 1-2: Ball 2-2: Foul Ball, location: 2F 2-2: Ball 3-2: Strikes out swinging
|
|
Batting: RHB Tim Walter
|
0-0: Ground out U3 (Groundball, 34, EV 93.8 MPH)
|
|
Batting: RHB Jon Marquez
|
0-0: Foul Ball, location: 2F 0-1: Ball 1-1: SINGLE (Line Drive, 3D, EV 106.9 MPH)
|
|
Batting: SHB Tim Utz
|
0-0: Ball Jon Marquez steals 2nd base 1-0: Swinging Strike 1-1: Swinging Strike 1-2: Strikes out swinging
|
| Top of the 3rd over - 0 runs, 1 hit, 0 errors, 1 left on base; Cincinnati (NYP) 1 - West Virginia 0 |
| BOTTOM OF THE 3RD |
|
West Virginia Black Bears batting - Pitching for Cincinnati (NYP) Reds : LHP Jesus Perez
|
|
Batting: LHB Donald Imre
|
0-0: Called Strike 0-1: Ball 1-1: Foul Ball, location: 2F 1-2: Ground out 5-3 (Groundball, 5, EV 88.8 MPH)
|
|
Batting: LHB Brandon Sarni
|
0-0: Swinging Strike 0-1: Ball 1-1: Ball 2-1: Called Strike 2-2: Foul Ball, location: 2F 2-2: Ball 3-2: Strikes out swinging
|
|
Batting: RHB Ken Manser
|
0-0: Foul Ball, location: 2F 0-1: Ball 1-1: Ball 2-1: Swinging Strike 2-2: Foul Ball, location: 2F 2-2: Strikes out swinging
|
| Bottom of the 3rd over - 0 runs, 0 hits, 0 errors, 0 left on base; Cincinnati (NYP) 1 - West Virginia 0 |
| TOP OF THE 4TH |
|
Cincinnati (NYP) Reds batting - Pitching for West Virginia Black Bears : LHP Alfredo Carranza
|
|
Batting: SHB Cesar Pelayo
|
0-0: Ball 1-0: Ball 2-0: Called Strike 2-1: Ball 3-1: Base on Balls
|
|
Batting: RHB R.J. Romberg
|
0-0: Foul Ball, location: 2F 0-1: Called Strike 0-2: Foul Ball, location: 2F 0-2: Strikes out swinging
|
|
Batting: LHB Jason Pirkle
|
0-0: Ball 1-0: Called Strike 1-1: Fielders Choice at 2nd, 1-6 (Groundball, 13S, EV 64.4 MPH)
|
|
Batting: RHB Cyd Carver
|
0-0: Called Strike Jason Pirkle is caught stealing 2nd base 2-4
|
| Top of the 4th over - 0 runs, 0 hits, 0 errors, 0 left on base; Cincinnati (NYP) 1 - West Virginia 0 |
| BOTTOM OF THE 4TH |
|
West Virginia Black Bears batting - Pitching for Cincinnati (NYP) Reds : LHP Jesus Perez
|
|
Batting: RHB Tom Tate
|
0-0: Called Strike 0-1: Swinging Strike 0-2: Foul Ball, location: 2F 0-2: Strikes out swinging
|
|
Batting: LHB Joe Wise
|
0-0: Called Strike 0-1: Ball 1-1: SINGLE (Groundball, 6M, EV 105.6 MPH) (infield hit)
|
|
Batting: RHB Jeff Edwards
|
0-0: Ball Joe Wise steals 2nd base 1-0: Called Strike 1-1: Swinging Strike 1-2: Strikes out swinging
|
|
Batting: LHB Carlos Vega
|
0-0: Ball 1-0: Called Strike 1-1: Ball 2-1: Swinging Strike 2-2: Foul Ball, location: 2F 2-2: Foul Ball, location: 2F 2-2: Strikes out looking
|
| Bottom of the 4th over - 0 runs, 1 hit, 0 errors, 1 left on base; Cincinnati (NYP) 1 - West Virginia 0 |
| TOP OF THE 5TH |
|
Cincinnati (NYP) Reds batting - Pitching for West Virginia Black Bears : LHP Alfredo Carranza
|
|
Batting: RHB Cyd Carver
|
0-0: Foul Ball, location: 2F 0-1: Swinging Strike 0-2: Foul Ball, location: 2F 0-2: Ball 1-2: Strikes out swinging
|
|
Batting: LHB Akira Yamano
|
0-0: Called Strike 0-1: Called Strike 0-2: Foul Ball, location: 2F 0-2: TRIPLE (Flyball, 78D, EV 105.0 MPH)
|
|
Batting: RHB Randy Grewe
|
0-0: Ball 1-0: Foul Ball, location: 2F 1-1: Ball 2-1: Ball 3-1: Ground out 6-3 (Groundball, 6S, EV 73.8 MPH)
|
|
Batting: RHB Tim Walter
|
0-0: Ground out 6-3 (Groundball, 6, EV 85.0 MPH)
|
| Top of the 5th over - 0 runs, 1 hit, 0 errors, 1 left on base; Cincinnati (NYP) 1 - West Virginia 0 |
| BOTTOM OF THE 5TH |
|
West Virginia Black Bears batting - Pitching for Cincinnati (NYP) Reds : LHP Jesus Perez
|
|
Batting: RHB John Goynes
|
0-0: Called Strike 0-1: Foul Ball, location: 2F 0-2: Fly out, F7 (Flyball, 7LS, EV 87.5 MPH)
|
|
Batting: LHB Norm Silveira-Wray
|
0-0: Ball 1-0: Ball 2-0: Called Strike 2-1: Called Strike 2-2: Ball 3-2: Foul Ball, location: 2F 3-2: SINGLE (Groundball, 6MS, EV 73.1 MPH) (infield hit)
|
|
Batting: LHB Donald Imre
|
0-0: Called Strike Norm Silveira-Wray steals 2nd base 0-1: Called Strike 0-2: Ground out 5-3 (Groundball, 56, EV 80.6 MPH)
|
|
Batting: LHB Brandon Sarni
|
0-0: Ball 1-0: Ball 2-0: Called Strike 2-1: Ground out 1-3 (Groundball, 25, EV 71.9 MPH)
|
| Bottom of the 5th over - 0 runs, 1 hit, 0 errors, 1 left on base; Cincinnati (NYP) 1 - West Virginia 0 |
| TOP OF THE 6TH |
|
Cincinnati (NYP) Reds batting - Pitching for West Virginia Black Bears : LHP Alfredo Carranza
|
|
Batting: RHB Jon Marquez
|
0-0: Foul Ball, location: 2F 0-1: Fly out, F8 (Flyball, 8RD, EV 102.5 MPH)
|
|
Batting: SHB Tim Utz
|
0-0: Foul Ball, location: 2F 0-1: Swinging Strike 0-2: Hit by Pitch
|
|
Batting: SHB Cesar Pelayo
|
0-0: Ball 1-0: Ball 2-0: Foul Ball, location: 2F 2-1: Swinging Strike 2-2: Ball 3-2: Foul Ball, location: 2F 3-2: Foul Ball, location: 2F 3-2: Strikes out swinging
|
|
Batting: RHB R.J. Romberg
|
0-0: Swinging Strike 0-1: Ball 1-1: Reached on error, E6 (Groundball, 6, EV 83.8 MPH) Tim Utz to second
|
|
Batting: LHB Jason Pirkle
|
0-0: Fielders Choice at 2nd, 6-4 (Groundball, 6, EV 88.8 MPH)
|
| Top of the 6th over - 0 runs, 0 hits, 1 error, 2 left on base; Cincinnati (NYP) 1 - West Virginia 0 |
| BOTTOM OF THE 6TH |
|
West Virginia Black Bears batting - Pitching for Cincinnati (NYP) Reds : LHP Jesus Perez
|
|
Batting: RHB Ken Manser
|
0-0: Called Strike 0-1: Swinging Strike 0-2: Strikes out looking
|
|
Batting: RHB Tom Tate
|
0-0: Fly out, F9 (Line Drive, 89S, EV 85.0 MPH)
|
|
Batting: LHB Joe Wise
|
0-0: Foul Ball, location: 2F 0-1: DOUBLE (Line Drive, 8RXD, EV 100.0 MPH)
|
|
Batting: RHB Jeff Edwards
|
0-0: Ball 1-0: Ball Passed Ball! Joe Wise to third 2-0: Called Strike 2-1: Ball 3-1: Swinging Strike 3-2: Ground out 6-3 (Groundball, 6, EV 81.2 MPH)
|
| Bottom of the 6th over - 0 runs, 1 hit, 0 errors, 1 left on base; Cincinnati (NYP) 1 - West Virginia 0 |
| TOP OF THE 7TH |
|
Cincinnati (NYP) Reds batting - Pitching for West Virginia Black Bears : LHP Alfredo Carranza
|
|
Batting: RHB Cyd Carver
|
0-0: Ball 1-0: SINGLE (Line Drive, 8RS, EV 91.9 MPH)
|
|
Pitching: RHP Frank Morris
|
|
|
Batting: LHB Akira Yamano
|
0-0: Ball Cyd Carver steals 2nd base 1-0: Ground out 6-3 (Groundball, 6M, EV 102.5 MPH) Cyd Carver to third
|
|
Batting: RHB Randy Grewe
|
0-0: Intentional Walk
|
|
Batting: RHB Tim Walter
|
0-0: Ball 1-0: Called Strike 1-1: Called Strike 1-2: Ball 2-2: Foul Ball, location: 2F 2-2: Fielders Choice at 2nd, 6-4 (Groundball, 6, EV 85.0 MPH) Cyd Carver scores
|
|
Batting: RHB Jon Marquez
|
0-0: Called Strike 0-1: Called Strike 0-2: Foul Ball, location: 2F 0-2: Strikes out swinging
|
| Top of the 7th over - 1 run, 1 hit, 0 errors, 1 left on base; Cincinnati (NYP) 2 - West Virginia 0 |
| BOTTOM OF THE 7TH |
|
West Virginia Black Bears batting - Pitching for Cincinnati (NYP) Reds : LHP Jesus Perez
|
|
Batting: LHB Carlos Vega
|
0-0: Ball 1-0: Swinging Strike 1-1: Foul Ball, location: 2F 1-2: Strikes out looking
|
|
Batting: RHB John Goynes
|
0-0: Hit by Pitch
|
|
Pinch Hitting: RHB Chris McCoy
|
0-0: Ground out 5-3 (Groundball, 56S, EV 62.5 MPH) John Goynes to second
|
|
Pinch Hitting: RHB Rick Pittman
|
0-0: Ball 1-0: Ground out 5-3 (Groundball, 56S, EV 80.0 MPH)
|
| Bottom of the 7th over - 0 runs, 0 hits, 0 errors, 1 left on base; Cincinnati (NYP) 2 - West Virginia 0 |
| TOP OF THE 8TH |
|
Cincinnati (NYP) Reds batting - Pitching for West Virginia Black Bears : RHP Frank Morris
|
|
Now at 1B: Tyler West
|
|
|
Now at 2B: Brandon Sarni
|
|
|
Now at 3B: Chris McCoy
|
|
|
Now at SS: Ken Manser
|
|
|
Batting: SHB Tim Utz
|
0-0: Called Strike 0-1: Foul Ball, location: 2F 0-2: Ball 1-2: Ground out 6-3 (Groundball, 6, EV 81.9 MPH)
|
|
Batting: SHB Cesar Pelayo
|
0-0: Called Strike 0-1: Foul Ball, location: 2F 0-2: Ball 1-2: Ball 2-2: Strikes out swinging
|
|
Batting: RHB R.J. Romberg
|
0-0: Foul Ball, location: 2F 0-1: Foul Ball, location: 2F 0-2: Foul Ball, location: 2F 0-2: Ball 1-2: Ball 2-2: SINGLE (Groundball, 6MD, EV 99.4 MPH)
|
|
Pitching: RHP Hitoshi Yoshihara
|
|
|
Batting: LHB Jason Pirkle
|
0-0: Called Strike 0-1: Swinging Strike 0-2: Foul Ball, location: 2F 0-2: Strikes out swinging
|
| Top of the 8th over - 0 runs, 1 hit, 0 errors, 1 left on base; Cincinnati (NYP) 2 - West Virginia 0 |
| BOTTOM OF THE 8TH |
|
West Virginia Black Bears batting - Pitching for Cincinnati (NYP) Reds : LHP Jesus Perez
|
|
Batting: LHB Brandon Sarni
|
0-0: DOUBLE (Line Drive, 8RXD, EV 110.0 MPH)
|
|
Batting: RHB Ken Manser
|
0-0: Ball 1-0: DOUBLE (Line Drive, 3D, EV 106.9 MPH) Brandon Sarni scores
|
|
Batting: RHB Tom Tate
|
0-0: Foul Ball, location: 2F 0-1: Ground out 5-3 (Groundball, 56, EV 80.6 MPH)
|
|
Batting: LHB Joe Wise
|
0-0: Called Strike 0-1: Swinging Strike 0-2: Strikes out swinging
|
|
Pitching: RHP Lee Durbin
|
|
|
Batting: RHB Jeff Edwards
|
0-0: Ball 1-0: Foul Ball, location: 2F 1-1: Ball 2-1: SINGLE (Groundball, 56D, EV 95.6 MPH) Ken Manser to third Runner from 3rd tries for Home, SAFE, throw by LF to home
|
|
Batting: LHB Carlos Vega
|
0-0: Ball 1-0: Ball 2-0: DOUBLE (Groundball, 5L, EV 107.5 MPH) Jeff Edwards to third Runner from 3rd tries for Home, SAFE, no throw by LF
|
|
Batting: RHB John Goynes
|
0-0: Swinging Strike 0-1: Foul Ball, location: 2F 0-2: 2-RUN HOME RUN (Line Drive, 7D, EV 99.4 MPH), Distance : 412 ft
|
|
Pitching: RHP Salvador Medina
|
|
|
Batting: RHB Chris McCoy
|
0-0: Called Strike 0-1: Ball 1-1: Foul Ball, location: 2F 1-2: Ball 2-2: Ball 3-2: Foul Ball, location: 2F 3-2: Base on Balls
|
|
Batting: RHB Tyler West
|
0-0: Called Strike Chris McCoy steals 2nd base 0-1: Ball 1-1: Foul Ball, location: 2F 1-2: Fly out, F3 (Line Drive, 3L, EV 74.4 MPH)
|
| Bottom of the 8th over - 5 runs, 5 hits, 0 errors, 1 left on base; Cincinnati (NYP) 2 - West Virginia 5 |
| TOP OF THE 9TH |
|
Cincinnati (NYP) Reds batting - Pitching for West Virginia Black Bears : RHP Hitoshi Yoshihara
|
|
Pitching: RHP Jeff Crescimanno
|
|
|
Pinch Hitting: LHB Matthew Berry
|
0-0: Ball 1-0: Ball 2-0: Ball 3-0: Base on Balls
|
|
Batting: LHB Akira Yamano
|
0-0: Ball 1-0: Ball 2-0: Called Strike 2-1: Foul Ball, location: 2F 2-2: Foul Ball, location: 2F 2-2: Strikes out looking
|
|
Batting: RHB Randy Grewe
|
0-0: Swinging Strike 0-1: Ball 1-1: Called Strike 1-2: Strikes out looking
|
|
Pinch Hitting: SHB Kristian Kristensen
|
0-0: Swinging Strike 0-1: Swinging Strike 0-2: Ball 1-2: Ball 2-2: Strikes out swinging
|
| Top of the 9th over - 0 runs, 0 hits, 0 errors, 1 left on base; Cincinnati (NYP) 2 - West Virginia 5 |
|